 Dungeon Crawl Stone Soup version 0.29-a0-914-g906f1d757c (webtiles) character file.

Game seed: 858968498725878368

10686 Aviak the Fighter (level 11, -3/86 HPs)
             Began as a Djinni Fire Elementalist on July 26, 2022.
             Was an Elder of Cheibriados.
             Slain by a komodo dragon (22 damage)
             ... on level 2 of the Lair of Beasts.
             The game lasted 00:24:39 (12863 turns).

Aviak the Fighter (Djinni Fire Elementalist)       Turns: 12863, Time: 00:24:39

Health: -3/86      AC:  8    Str: 25    XL:     11   Next: 97%
Gold:   1094       EV: 16    Int: 29    God:    Cheibriados [****..] SH:  0 Dex: 30

rFire   + + +      SeeInvis .   m - +3 spear (vamp) {!w}
rCold   + . .      Faith    .   (no shield)
rNeg    . . .      Spirit   .   l - +1 ring mail {rC+}
rPois   ∞          Reflect  .   (no helmet)
rElec   .          Harm     .   (no cloak)
rCorr   .          Rampage  .   x - +0 pair of gloves
Will    +....                   (boots unavailable)
Stlth   +++.......              (no amulet)
HPRegen 0.24/turn               g - +6 ring of strength
MPRegen 0.00/turn               h - ring of Cowardice {rF+ rC+ Dex+6}

@: flying, very slightly contaminated, very slow
A: sickness immunity, fire resistance 2, cold vulnerability 1, float, innate
caster, HP casting, extra vitality 1
a: Renounce Religion, Bend Time, Temporal Distortion, Slouch


You were on level 2 of the Lair of Beasts.
You worshipped Cheibriados.
Cheibriados was greatly pleased with you.
You visited 3 branches of the dungeon, and saw 12 of its levels.

You collected 1224 gold pieces.
You spent 130 gold pieces at shops.

Inventory:

Hand Weapons
 m - a +3 vampiric spear (weapon) {!w}
 p - a +0 dagger of venom
 A - a +2 whip of freezing
Missiles
 q - 4 throwing nets {!f}
Armour
 l - a +1 ring mail of cold resistance (worn)
 x - a +0 pair of gloves (worn)
Jewellery
 e - a ring of fire
 g - a +6 ring of strength (left hand)
 h - the ring of Cowardice (right hand) {rF+ rC+ Dex+6}
   (You acquired it on level 8 of the Dungeon)

   [ring of dexterity]

   Dex:       It affects your dexterity (+6).
   rF:        It protects you from fire.
   rC:        It protects you from cold.
 y - a +6 ring of strength
 N - an amulet of faith {!P}
 P - a ring of wizardry
 Q - a +6 ring of dexterity
Wands
 k - a wand of charming (11)
 u - a wand of flame (16)
 K - a wand of polymorph (13)
Scrolls
 b - a scroll of enchant armour
 d - 3 scrolls of magic mapping
 i - a scroll of identify
 j - a scroll of immolation
 o - 2 scrolls of brand weapon
 s - a scroll of blinking {unknown}
 t - 4 scrolls of teleportation
 v - a scroll of silence {unknown}
 z - a scroll of enchant weapon
 D - 2 scrolls of fear {unknown}
 E - a scroll of butterflies {unknown}
 G - a scroll of poison {unknown}
 H - a scroll of noise {unknown}
 O - a scroll of torment {unknown}
Potions
 a - a potion of lignification {unknown}
 c - 4 potions of curing
 f - 3 potions of haste
 n - a potion of resistance
 r - a potion of mutation {!q}
 w - a potion of magic {unknown}
 B - 3 potions of might {unknown}
 C - 3 potions of flight {unknown}
 F - 2 potions of heal wounds {unknown}
 I - 2 potions of invisibility {unknown}
 J - 2 potions of attraction {unknown}
 L - 2 potions of brilliance {unknown}
Miscellaneous
 M - a lightning rod (4/4)


   Skills:
 - Level 10.3 Fighting
 + Level 3.8 Armour
 + Level 5.6 Dodging
 - Level 3.4 Stealth
 - Level 8.0 Spellcasting
 - Level 8.0 Invocations
 + Level 3.0 Evocations


You couldn't memorise any spells.
You knew the following spells:

 Your Spells              Type           Power      Damage    Failure   Level
a - Foxfire               Conj/Fire      100%       2x1d9     1%          1
b - Scorch                Fire           100%       2d10      1%          2
c - Conjure Flame         Conj/Fire      55%        6-21      1%          3
d - Inner Flame           Hex/Fire       55%        N/A       1%          3
e - Flame Wave            Conj/Fire      55%        2d11      2%          4
f - Beastly Appendage     Tmut           100%       N/A       1%          1
g - Dazzling Flash        Conj/Hex       100%       N/A       1%          3
h - Summon Lightning Spi  Summ/Air       55%        N/A       2%          4
q - Searing Ray           Conj           100%       2d8       1%          2
w - Fireball              Conj/Fire      27%        3d12      7%          5
Your spell library was empty.

Dungeon Overview and Level Annotations

Branches:
Dungeon (9/15) Zot: 38067  Temple (1/1) D:7 Zot: 8878    Lair (2/5) D:9 Zot: 15169
  Swamp: Lair:2-3    Shoals: Lair:2-3     Snake: Lair:2-3    Spider: Lair:2-3
    Orc: D:9-12

Altars:
Ashenzari
Cheibriados
Dithmenos
Elyvilon
Fedhas
Gozag
Hepliaklqana
Makhleb
Nemelex Xobeh
Okawaru
Qazlal
Ru
Uskayaw
Wu Jian
Xom
Yredelemnul
Zin
The Shining One

Shops:
D:3 *   D:6 (   D:7 [

Annotations:
Lair:1 exclusion: oklob plant


Innate Abilities, Weirdness & Mutations

You are immune to sickness and miasma.
You are immune to poison.
Your flesh is very heat resistant. (rF++)
You are vulnerable to cold. (rC-)
You float through the air rather than walking.
You learn spells naturally, not from books.
Your magical power is your life essence.
You have superior vitality. (+4 MHP)


Message History

You can't see any susceptible monsters within range! (Use Z to cast anyway.) Unknown command.
Casting: Fireball (dangerous; 7% risk of failure)
Confirm with . or Enter, or press ? or * to list all spells.
Aiming: Fireball (dangerous; 7% risk of failure)
Press: ? - help, Shift-Dir - straight line The fireball explodes!
The fireball engulfs the komodo dragon!
The komodo dragon is moderately wounded.
The komodo dragon hisses angrily.
You hear a shout! x2
The komodo dragon is engulfed in a cloud of scalding steam.
Casting: Fireball (dangerous; 7% risk of failure)
Confirm with . or Enter, or press ? or * to list all spells.
Aiming: Fireball (dangerous; 7% risk of failure)
Press: ? - help, Shift-Dir - straight line The fireball explodes!
The fireball engulfs the komodo dragon!
The komodo dragon is severely wounded.
The komodo dragon is engulfed in a cloud of scalding steam.
Casting: Fireball (dangerous; 7% risk of failure)
Confirm with . or Enter, or press ? or * to list all spells.
Aiming: Fireball (dangerous; 7% risk of failure)
Press: ? - help, Shift-Dir - straight line You miscast Fireball.
You are very lightly contaminated with residual magic.
You are blasted with fire.
You resist.
Casting: Fireball (dangerous; 7% risk of failure)
Confirm with . or Enter, or press ? or * to list all spells.
An electric hum fills the air.
The komodo dragon bites you!
Casting: Summon Lightning Spire (dangerous; 2% risk of failure)
Confirm with . or Enter, or press ? or * to list all spells.
Okay, then.
Casting: Summon Lightning Spire (dangerous; 2% risk of failure)
Confirm with . or Enter, or press ? or * to list all spells.
Casting: Dazzling Flash (safe; 1% risk of failure)
Press: ? - help, Dir - look around, f - activate The komodo dragon is dazzled.
The komodo dragon bites you!!
* * * LOW HITPOINT WARNING * * *
The flow of time bends around you.
Cheibriados rebukes the komodo dragon.
The komodo dragon seems to slow down.
The komodo dragon bites you!!
You die...

..#.## ...... ≈§§≈..###
..≈≈≈≈§§≈...#
...≈≈≈≈§§§≈†.##
..≈≈≈≈≈§≈≈≈≈..# #.P
..≈≈≈≈≈≈≈≈≈l..# #..## ##
#..≈≈§.≈≈≈≈@.# P.#.###P
#...>.≈≈....# #.......
#......8#.### #.......
#...........#######.......
#[....###....##..P#..#....
###....##
###..........#....
#####.#...##
####P..............
##.#.#...)##
#.P............#...
..#.....###
##...........####...


You could see a komodo dragon (blind, slow, ally target) and a friendly
lightning spire (summoned).

Vanquished Creatures
  Pikel (D:4)
  2 cane toads
  A black mamba (Lair:2)
  A rime drake (Lair:2)
  A polar bear (Lair:1)
  Sigmund (D:2)
  A wyvern (D:8)
  7 yaks
  2 steam dragons
  5 water moccasins
  4 black bears
  An ice beast (D:6)
  2 orc warriors (D:9)
  A wolf (D:8)
  An ogre (D:4)
  2 centaurs
  3 phantoms
  9 bullfrogs
  2 gnoll sergeants
  4 scorpions
  2 wights (D:8)
  13 killer bees
  A howler monkey (D:9)
  An electric eel (Lair:2)
  2 jellies
  5 hounds
  An orc priest (D:9)
  3 gnoll boudas
  3 iguanas
  Ijyb (D:3)
  6 orc wizards
  3 hell rats (Lair:1)
  5 adders
  29 gnolls
  4 white imps
  An ufetubus (D:4)
  A worm (D:3)
  2 dart slugs (D:4)
  11 orcs
  5 bats
  4 endoplasms (D:1)
  5 giant cockroaches
  7 goblins
  9 hobgoblins
  11 jackals
  4 kobolds
  3 quokkas
  7 ball pythons
  A frilled lizard (D:3)
  2 goblin skeletons (D:5)
  2 hobgoblin zombies (D:5)
  A kobold zombie (D:5)
  An orc skeleton (D:5)
  An orc zombie (D:5)
  5 rats
213 creatures vanquished.

Vanquished Creatures (collateral kills)
  A cane toad (Lair:1)
  A komodo dragon (Lair:1)
  A wyvern (Lair:2)
  A basilisk (Lair:2)
  7 yaks
  A water moccasin (Lair:2)
  An orc warrior (D:9)
  A kobold brigand (D:8)
  2 bullfrogs
  3 gnoll sergeants
  A wight (D:8)
  A killer bee (D:9)
  2 hounds
  A gnoll bouda (D:9)
  4 orc wizards (D:9)
  2 hell rats (Lair:1)
  12 gnolls
  2 orcs
  A jackal (D:7)
  6 kobolds (D:8)
  A foxfire (Lair:2)
52 creatures vanquished.

Vanquished Creatures (others)
  467 foxfires
  10 fungi
  7 plants
484 creatures vanquished.

Grand Total: 749 creatures vanquished

Notes
Turn   | Place    | Note
-------+----------+-------------------------------------------
     0 | D:1      | Aviak the Djinni Fire Elementalist began the quest for the
                  | Orb.
     0 | D:1      | Aviak set off with the following spells memorised: Foxfire,
                  | Scorch, Conjure Flame, Inner Flame, Flame Wave.
     0 | D:1      | Reached XP level 1. HP: 15/15 MP: 0/0
   325 | D:1      | Reached XP level 2. HP: 17/21 MP: 0/0
   838 | D:1      | Found a faded altar of an unknown god.
   990 | D:1      | Reached XP level 3. HP: 22/25 MP: 0/0
   990 | D:1      | Learned a level 1 spell: Beastly Appendage
  1325 | D:2      | Noticed Sigmund
  1369 | D:2      | Killed Sigmund
  1370 | D:2      | Reached XP level 4. HP: 19/31 MP: 0/0
  1370 | D:2      | Reached XP level 5. HP: 21/35 MP: 0/0
  1370 | D:2      | Learned a level 2 spell: Searing Ray
  1370 | D:2      | Reached XP level 6. HP: 25/40 MP: 0/0
  2478 | D:3      | Noticed Ijyb
  2486 | D:3      | Killed Ijyb
  2797 | D:3      | Found Fetzue's General Store.
  2801 | D:3      | Bought a potion of resistance for 100 gold pieces
  2801 | D:3      | Bought a scroll of teleportation for 30 gold pieces
  3077 | D:4      | Noticed an ogre
  3088 | D:3      | Reached skill level 1 in Fighting
  3088 | D:3      | Reached skill level 1 in Armour
  3088 | D:3      | Reached XP level 7. HP: 1/47 MP: 0/0
  3088 | D:3      | Learned a level 3 spell: Dazzling Flash
  3488 | D:4      | Reached skill level 2 in Fighting
  3783 | D:4      | Noticed Pikel
  3794 | D:4      | Killed Pikel
  3795 | D:4      | Reached skill level 3 in Fighting
  3795 | D:4      | Reached skill level 5 in Spellcasting
  3795 | D:4      | Reached XP level 8. HP: 29/58 MP: 0/0
  4159 | D:4      | Reached skill level 4 in Fighting
  4298 | D:5      | Entered Level 5 of the Dungeon
  4342 | D:5      | Found a glowing golden altar of the Shining One.
  4543 | D:5      | Reached XP level 9. HP: 58/63 MP: 0/0
  4543 | D:5      | Learned a level 4 spell: Summon Lightning Spire
  4666 | D:5      | Identified 2 scrolls of acquirement
  4666 | D:5      | Acquired 654 gold pieces
  5472 | D:6      | Reached skill level 5 in Fighting
  5977 | D:6      | Found Geas's Weapon Emporium.
  6398 | D:7      | Reached skill level 6 in Fighting
  6657 | D:7      | Found a staircase to the Ecumenical Temple.
  6681 | Temple   | Entered the Ecumenical Temple
  6753 | Temple   | Became a worshipper of Cheibriados the Contemplative
  6779 | D:7      | Reached XP level 10. HP: 60/73 MP: 0/0
  6784 | D:7      | Reached skill level 1 in Invocations
  6982 | D:7      | Found Sanwuo's Armour Shoppe.
  7270 | D:7      | Reached * piety under Cheibriados
  7271 | D:7      | Reached skill level 7 in Fighting
  7696 | D:7      | Found a basalt altar of Yredelemnul.
  7723 | D:7      | Found a broken altar of Ashenzari.
  7930 | D:8      | Reached skill level 8 in Fighting
  7931 | D:8      | Reached ** piety under Cheibriados
  7932 | D:8      | Reached skill level 5 in Invocations
  8113 | D:8      | Acquired the ring of Cowardice {rF+ rC+ Dex+6}
  8504 | D:8      | Identified the +2 ring mail "Mental" {Harm Rampage Str+4}
  8740 | D:8      | Found a glowing silver altar of Zin.
  8740 | D:8      | Found a faded altar of an unknown god.
  8748 | D:8      | Found a faded altar of an unknown god.
  8750 | D:8      | Found a blossoming altar of Fedhas.
  8752 | D:8      | Found a hazy altar of Hepliaklqana.
  9051 | D:9      | Reached *** piety under Cheibriados
  9180 | D:9      | Reached XP level 11. HP: 27/82 MP: 0/0
  9180 | D:9      | Learned a level 5 spell: Fireball
  9445 | D:9      | Reached skill level 9 in Fighting
  9713 | D:9      | Reached **** piety under Cheibriados
 10239 | D:9      | Found an iron altar of Okawaru.
 10404 | D:9      | Found a staircase to the Lair.
 10921 | Lair:1   | Entered Level 1 of the Lair of Beasts
 10940 | Lair:1   | Reached skill level 10 in Fighting
 11841 | Lair:1   | Reached skill level 1 in Evocations
 12279 | Lair:1   | Noticed an oklob plant
 12440 | Lair:2   | Reached skill level 5 in Dodging
 12863 | Lair:2   | Slain by a komodo dragon

Illustrated notes

Levels and vault maps discovered:
D:1:      nzn_arrival_depleted_hourglass, layout_basic,
          shapermc_ecumenical_altar_pompeii, dreamdust_wishing_well,
          minmay_misc_feat_nine_boxes
D:2:      layout_loops_ring, uniq_sigmund
D:3:      layout_loops_cross, trog_wizard, serial_shops, nicolae_shop_stone,
          uniq_ijyb
D:4:      layout_rooms, uniq_pikel
D:5:      layout_cave_pods, nicolae_tso_besieged_by_evil
D:6:      layout_cave_pools, serial_shops, nicolae_shop_bloodbath_and_beyond,
          amcnicky_mini_corridor_feature, dreamdust_princess_bridge
D:7:      layout_cave_pools, mainiacjoe_overflow_two_lobes,
          minmay_temple_entry_slanted, serial_gnoll_camp, gnoll_camp_mini_house,
          gnoll_camp_mini_shop, gnoll_camp_huts_basic,
          gnoll_camp_mini_loothouse, gnoll_camp_mini_hut
D:8:      layout_loops_ring, chequers_temple_overflow_minitemple, uniq_grum
D:9:      layout_cave_pods, mainiacjoe_overflow_small_starburst,
          grunt_lair_entry_orc_guard_hut
Temple:   nicolae_temple_great_sept
Lair:1:   dpeg_oklob_gauntlet, layout_hall_layers
Lair:2:   layout_cave_pods, minmay_snake_entry_guardpost_medium,
          grunt_megastairs_4, infiniplex_staircase_pool, serial_bayou_shore_b

Skill      XL: |  1  2  3  4  5  6  7  8  9 10 11 |
---------------+----------------------------------+-----
Stealth        | 2 3 |  3.4
Dodging        | 4 5 |  5.6
Spellcasting   | 3 4 5 6 7 8 |  8.0
Fighting       | 1 3 4 6 8 10 | 10.3
Armour         | 1 2 3 |  3.8
Invocations    | 6 8 |  8.0
Evocations     | 3 |  3.0

Action                   |  1- 3 |  4- 6 |  7- 9 | 10-12 || total
-------------------------+-------+-------+-------+-------++-------
Melee: Unarmed           |     2 |       |       |       ||     2
       Whip              |       |       |     3 |       ||     3
       Spear             |       |       |       |    24 ||    24
 Cast: Foxfire           |    38 |    37 |   108 |    83 ||   266
       Scorch            |    13 |    31 |    70 |    81 ||   195
       Summon Lightning  |       |       |     6 |    30 ||    36
       Flame Wave        |       |       |     3 |     3 ||     6
       Searing Ray       |       |       |     2 |    13 ||    15
       Dazzling Flash    |       |       |       |     2 ||     2
       Inner Flame       |       |       |       |     1 ||     1
       Fireball          |       |       |       |    11 ||    11
Invok: Bend Time         |       |       |       |     1 ||     1
  Use: Potion            |       |     1 |       |       ||     1
       Scroll            |       |       |     4 |     5 ||     9
Armor: Robe              |     2 |       |       |       ||     2
       Leather armour    |       |     2 |       |       ||     2
       Ring mail         |       |       |     6 |    11 ||    17
Dodge: Dodged            |     5 |     4 |    15 |    60 ||    84

Table legend: (Time is in decaauts)
 A = Elapsed time spent in this place.
 B = Non-inter-level travel time spent in this place.
 C = Inter-level travel time spent in this place.
 D = Time resting spent in this place.
 E = Time spent auto-exploring this place.
 F = Levels seen in this place.
 G = Mean time per level.
                   A        B        C        D        E       F      G
               +--------+--------+--------+--------+--------+-----+--------+
         Total |  14768 |  14506 |    262 |   1682 |  11282 |  12 | 1230.7 |
       Dungeon |  11851 |  11614 |    237 |   1513 |   8777 |   9 | 1316.8 |
        Temple |     85 |     74 |     11 |      0 |     43 |   1 |   85.0 |
          Lair |   2832 |   2818 |     14 |    169 |   2462 |   2 | 1416.0 |
               +--------+--------+--------+--------+--------+-----+--------+

Top non-repeatable levels by time:
     D:9: 2432 daAuts
  Lair:1: 2181 daAuts
     D:8: 1570 daAuts
     D:7: 1521 daAuts
     D:1: 1342 daAuts
     D:5: 1103 daAuts
     D:3: 1052 daAuts
     D:2: 991 daAuts
     D:6: 926 daAuts
     D:4: 911 daAuts
  Lair:2: 650 daAuts
  Temple: 85 daAuts
